 Dungeon Crawl Stone Soup version 0.27-a0-869-g165b36e3f0 (webtiles) character file.

Game seed: 18012066862152882866

49625 rednaxela the Peltast (level 14, -2/91 HPs)
             Began as a Vampire Ice Elementalist on Apr 1, 2021.
             Was a High Priest of Kikubaaqudgha.
             Slain by a yak (13 damage)
             ... on level 6 of the Lair of Beasts on Apr 3, 2021.
             The game lasted 01:37:06 (28315 turns).

rednaxela the Peltast (Vampire Ice Elementalist)   Turns: 28315, Time: 01:37:08

Health: -2/91      AC:  5    Str:  7    XL:     14   Next: 16%
Magic:  16/28      EV: 14    Int: 24    God:    Kikubaaqudgha [*****.]
Gold:   1793       SH: 22    Dex: 20    Spells: 11/33 levels left

rFire    . . .     SeeInvis +   u - +7 rapier (freeze)
rCold    + + +     Faith    .   L - +4 kite shield {rC+}
rNeg     . . .     Spirit   .   a - +0 robe
rPois    +         Reflect  +   O - +0 helmet
rElec    .         Harm     .   o - +0 cloak
rCorr    .         Rampage  .   N - +0 pair of gloves
Will     +++..                  (no boots)
Stlth    +++.......             d - amulet of reflection
HPRegen  0.45/turn              J - ring of Entrepreneurial Spirit {rPois rC++ Will+ Int+3}
MPRegen  0.21/turn              G - ring of Kigroradghuo {Will+ Dex+4 SInv}

@: regenerating quickly
A: alive, fangs 3, see invisible, unbreathing 1, vampiric 2
a: Exsanguinate, Renounce Religion, Receive Corpses, Torment


You were on level 6 of the Lair of Beasts.
You worshipped Kikubaaqudgha.
Kikubaaqudgha was extremely pleased with you.
You visited 3 branches of the dungeon, and saw 18 of its levels.

You collected 2023 gold pieces.
You spent 230 gold pieces at shops.

Inventory:

Hand Weapons
 u - a +7 rapier of freezing (weapon)
   (You took it off Eustachio on level 3 of the Dungeon)
Missiles
 b - 368 stones
 i - 45 poisoned darts (quivered)
 l - 6 throwing nets {!f}
 B - 15 curare-tipped darts
Armour
 a - a +0 robe (worn)
 o - a +0 cloak (worn)
   (You took it off Crazy Yiuf on level 3 of the Dungeon)
 L - a +4 kite shield of cold resistance (worn)
   (You acquired it on level 10 of the Dungeon)
 N - a +0 pair of gloves (worn)
   (You found it on level 10 of the Dungeon)
 O - a +0 helmet (worn)
   (You found it on level 7 of the Dungeon)
Magical Staves
 F - a staff of death
   (You found it on level 9 of the Dungeon)
Jewellery
 d - an amulet of reflection (around neck)
   (You found it on level 1 of the Dungeon)
 C - a ring of fire
   (You found it on level 8 of the Dungeon)
 D - a ring of resist corrosion
   (You found it on level 9 of the Dungeon)
 G - the ring of Kigroradghuo (right hand) {Will+ Dex+4 SInv}
   (You found it on level 9 of the Dungeon)

   [ring of willpower]

   It affects your dexterity (+4).
   It lets you see invisible.
   It increases your willpower.
 J - the ring of Entrepreneurial Spirit (left hand) {rPois rC++ Will+ Int+3}
   (You acquired it on level 9 of the Dungeon)

   [ring of poison resistance]

   It affects your intelligence (+3).
   It greatly protects you from cold.
   It protects you from poison.
   It increases your willpower.
 M - a ring of positive energy
   (You found it on level 10 of the Dungeon)
 Q - an amulet of faith
   (You found it on level 2 of the Lair of Beasts)
 R - a ring of wizardry
   (You found it on level 2 of the Lair of Beasts)
Wands
 q - a wand of acid (10) {@v1}
   (You found it on level 5 of the Dungeon)
 s - a wand of polymorph (4)
   (You took it off Dowan on level 4 of the Dungeon)
 v - a wand of flame (56) {@v4}
   (You took it off an orc on level 11 of the Dungeon)
 w - a wand of paralysis (7)
   (You found it on level 10 of the Dungeon)
 z - a wand of mindburst (12)
   (You found it on level 7 of the Dungeon)
 A - a wand of iceblast (5) {@v2}
   (You found it on level 1 of the Lair of Beasts)
 S - a wand of digging (6) {@v3}
   (You found it on level 2 of the Lair of Beasts)
Scrolls
 j - 2 scrolls of blinking {@r4}
 r - 10 scrolls of teleportation {@r3 !r}
 t - a scroll of identify {@r1}
 x - 2 scrolls of fear {!r}
 y - a scroll of fog {unknown}
 E - a scroll of summoning {unknown}
 H - 4 scrolls of amnesia
 K - a scroll of magic mapping {unknown}
 T - a scroll of vulnerability {unknown}
Potions
 c - 2 potions of curing {@q1 !q}
 e - 3 potions of resistance
 f - 4 potions of lignification {@q5}
 g - a potion of mutation
 h - 4 potions of heal wounds {@q2 !q}
 k - 6 potions of brilliance
 m - 4 potions of flight
 n - a potion of haste {@q4 !q}
 p - 2 potions of invisibility {!q}
 V - a potion of might {@q3 !q}
Miscellaneous
 I - a lightning rod (4/4)
   (You found it on level 9 of the Dungeon)


   Skills:
 + Level 2.6 Fighting
 + Level 4.1 Dodging
 - Level 3.0 Stealth
 - Level 15.0 Shields
 - Level 10.0 Spellcasting
 - Level 10.0 Necromancy
 - Level 10.0 Ice Magic
 - Level 7.0 Earth Magic


You had 11 spell levels left.
You knew the following spells:

 Your Spells              Type           Power      Damage    Failure   Level
a - Freeze                Ice            100%       1d11      1%          1
b - Ozocubu's Armour      Ice            56%        N/A       1%          3
c - Frozen Ramparts       Ice            100%       1d12      1%          3
d - Summon Ice Beast      Ice/Summ       36%        N/A       7%          4
e - Corpse Rot            Necr/Air       N/A        N/A       1%          2
g - Dispel Undead         Necr           56%        3d20      1%          4
z - Borgnjor's Vile Clut  Necr/Erth      25%        N/A       4%          5

Your spell library contained the following spells:

 Spells                   Type           Power      Damage    Failure   Level
 Animate Skeleton         Necr           100%       N/A       1%          1
 Pain                     Necr           100%       1d9       1%          1
 Vampiric Draining        Necr           28%        2d10      1%          3
 Agony                    Necr           56%        N/A       2%          5
 Excruciating Wounds      Necr           28%        N/A       2%          5
 Corona                   Hex            13%        N/A       5%          1
 Summon Small Mammal      Summ           48%        N/A       5%          1
 Hailstorm                Conj/Ice       36%        3d9       7%          4
 Call Imp                 Summ           12%        N/A       8%          2
 Slow                     Hex            12%        N/A       8%          2
 Leda's Liquefaction      Hex/Erth       14%        N/A       12%         4
 Simulacrum               Ice/Necr       28%        N/A       13%         6
 Call Canine Familiar     Summ           12%        N/A       16%         3
 Inner Flame              Hex/Fire       12%        N/A       16%         3
 Portal Projectile        Hex/Tloc       24%        N/A       16%         3
 Summon Guardian Golem    Hex/Summ       12%        N/A       16%         3
 Cause Fear               Hex            6%         N/A       45%         4
 Summon Lightning Spire   Summ/Air       12%        N/A       45%         4
 Bolt of Magma            Conj/Fire/Erth 11%        4d7       50%         5
 Irradiate                Conj/Tmut      6%         3d15      82%         5
 Iskenderun's Battlesphe  Conj           12%        2d7       82%         5
 Iron Shot                Conj/Erth      14%        9d4       88%         6
 Statue Form              Tmut/Erth      18%        N/A       88%         6
 Blade Hands              Tmut           6%         N/A       100%        6
 Dragon Form              Tmut           6%         N/A       100%        7
 Orb of Destruction       Conj           6%         9d3       100%        7
 Spellforged Servitor     Conj/Summ      6%         N/A       100%        7


Dungeon Overview and Level Annotations

Branches:
Dungeon (11/15)            Temple (1/1) D:5            Lair (6/6) D:9
 Shoals (0/4) Lair:3        Snake (0/4) Lair:2        Slime (0/5) Lair:5
    Orc (0/2) D:11

Altars:
Ashenzari
Cheibriados
Dithmenos
Elyvilon
Fedhas
Gozag
Hepliaklqana
Kikubaaqudgha
Makhleb
Nemelex Xobeh
Okawaru
Qazlal
Ru
Sif Muna
Trog
Uskayaw
Vehumet
Wu Jian
Xom
Yredelemnul
Zin
The Shining One

Shops:
D:3 (   D:4 *   D:10 *

Annotations:
D:6 2 runed translucent doors
D:11 exclusion: boulder beetle


Innate Abilities, Weirdness & Mutations

Your natural rate of healing is unusually fast.
You have razor-sharp teeth.
You have supernaturally acute eyesight. (SInv)
You can survive without breathing.
You are afflicted with vampirism and can become a bat while bloodless.


Message History

Aim: a fire bat (0% to evade) Zombie hands grab the fire bat.
Zombie hands grab the black mamba.
The zombie hands constrict the black mamba.
The zombie hands constrict the fire bat.
The fire bat bites you.
You are engulfed in flames!
The water moccasin bites you but does no damage.
The fire bat struggles to escape constriction.
The black mamba struggles to escape constriction.
The fire bat escapes!
You block the water moccasin's attack.
The zombie hands constrict the black mamba!
The fire bat barely misses you.
The black mamba escapes!
You block the fire bat's attack. x2
The fire bat bites you but does no damage.
The fire bat bites you.
You are engulfed in flames!
The fire bat barely misses you. You block the water moccasin's attack.
You block the fire bat's attack.
Casting: Borgnjor's Vile Clutch (dangerous; 4% risk of failure)
Confirm with . or Enter, or press ? or * to list all spells.
Casting: Frozen Ramparts (safe; 1% risk of failure)
Press: ? - help, Dir - look around, f - activate
Okay, then.
Okay, then.
Really read
x - 3 scrolls of fear {!r}?
As you read the scroll of fear {!r}, it crumbles to dust.
You assume a fearsome visage.
The water moccasin looks frightened!
The black mamba looks frightened!
The fire bat looks frightened! x4
A six-headed hydra comes into view.
The six-headed hydra roars!
You hear a bellow!
You block the fire bat's attack.
Casting: Frozen Ramparts (safe; 1% risk of failure)
Confirm with . or Enter, or press ? or * to list all spells.
Aiming: Borgnjor's Vile Clutch (dangerous; 4% risk of failure)
Press: ? - help, Shift-Dir - straight line, f - fire bat
Aim: a fire bat (0% to evade) Zombie hands grab the fire bat.
The zombie hands constrict the fire bat.
You block the fire bat's attack. The fire bat completely misses you.
The fire bat struggles to escape constriction.
The zombie hands constrict the fire bat!
The fire bat struggles to escape constriction.
The fire bat escapes!
You block the fire bat's attack. You block the fire bat's attack.
You block the fire bat's attack. You block the fire bat's attack.
Casting: Borgnjor's Vile Clutch (dangerous; 4% risk of failure)
Confirm with . or Enter, or press ? or * to list all spells.
Aiming: Borgnjor's Vile Clutch (dangerous; 4% risk of failure)
Press: ? - help, Shift-Dir - straight line, f/p - fire bat
Aim: a fire bat (almost dead, 0% to evade) Zombie hands grab the fire bat.
Zombie hands grab the plant.
The plant begins to die.
The zombie hands constrict the plant!
The zombie hands constrict the fire bat.
You block the fire bat's attack.
The fire bat struggles to escape constriction.
The fire bat escapes!
Casting: Borgnjor's Vile Clutch (dangerous; 4% risk of failure)
Confirm with . or Enter, or press ? or * to list all spells.
Aiming: Borgnjor's Vile Clutch (dangerous; 4% risk of failure)
Press: ? - help, Shift-Dir - straight line, f/p - fire bat
Aim: a fire bat (almost dead, 0% to evade)
You miscast Borgnjor's Vile Clutch.
You are very lightly contaminated with residual magic.
Nothing appears to happen.
The zombie hands constrict the plant!
You block the fire bat's attack.
The zombie hands constrict the plant!
The fire bat bites you.
You are engulfed in flames.
The zombie hands constrict the plant!
You block the fire bat's attack. x2
The zombie hands constrict the plant!
A nearby plant withers and dies.
The zombie hands lose their grip on the plant.
You block the fire bat's attack. The six-headed hydra bites you!
* * * LOW HITPOINT WARNING * * *
The six-headed hydra bites you.
* * * LOW HITPOINT WARNING * * *
You block the six-headed hydra's attack.
The six-headed hydra bites you.
* * * LOW HITPOINT WARNING * * *
The six-headed hydra bites you!
* * * LOW HITPOINT WARNING * * *
The six-headed hydra bites you!
* * * LOW HITPOINT WARNING * * *
The fire bat bites you.
* * * LOW HITPOINT WARNING * * *
You are engulfed in flames!
* * * LOW HITPOINT WARNING * * *
The water moccasin bites you.
* * * LOW HITPOINT WARNING * * *
Blink to where?
Press: ? - help, Dir - move target, p - fire bat
As you read the scroll of blinking {@r4}, it crumbles to dust.
The yak bellows!
The yak bellows!
Your magical contamination has completely faded away.
The yak gores you but does no damage. The yak gores you!
* * * LOW HITPOINT WARNING * * *
You block the yak's attack. You block the water moccasin's attack.
There is a stone staircase leading up here.
The yak gores you!
You die...
Kikubaaqudgha rasps: "You have failed me!
Welcome... death!"

#..P......##
...........#
...........##
............###
..............##
...............# #### ##
...............###..##..
.......@Y...............
.......SY..D............
....................P≈≈≈
.....................≈≈≈
.....(...............≈b≈
.....................§.P
......................P.
###.P...#######.......#.
#.....# ###..........


You could see a six-headed hydra, 2 yaks and a water moccasin.

Vanquished Creatures
  5 hydras
  A catoblepas (Lair:5)
  9 death yaks
  Urug (Lair:3)
  Sonja (Lair:1)
  Pikel (D:4)
  An ugly thing (D:11)
  2 oklob plants (Lair:5)
  9 elephants
  7 black mambas
  Maurice (D:8)
  14 cane toads
  A gargoyle (D:10)
  9 komodo dragons
  4 rime drakes
  A troll (D:10)
  3 polar bears
  14 blink frogs
  Prince Ribbit (D:5)
  5 dream sheep
  2 wraiths
  Eustachio (D:3)
  A vampire (D:10)
  2 fire elementals
  2 wyverns
  45 yaks
  4 basilisks
  A steam dragon (Lair:3)
  32 water moccasins
  Edmund (D:4)
  2 black bears
  4 orc warriors
  A hornet zombie (D:5)
  2 sky beasts
  4 ogres
  13 wolves
  A centaur (D:9)
  A lemure (D:4)
  3 kobold brigands
  13 bullfrogs
  3 scorpions
  A wyvern zombie (D:7)
  Dowan (D:4)
  A water moccasin zombie (D:5)
  A gnoll sergeant (D:6)
  13 killer bees
  4 howler monkeys
  2 jellies (Lair:5)
  3 hounds
  4 orc priests
  6 centaur zombies
  4 bullfrog skeletons
  Crazy Yiuf (D:3)
  Jessica (D:3)
  Terence (D:3)
  4 hell rats (Lair:1)
  8 iguanas
  14 orc wizards
  A killer bee zombie (D:6)
  A howler monkey zombie (D:10)
  5 gnolls (D:6)
  2 howler monkey skeletons (D:7)
  17 adders
  4 river rats (Lair:1)
  3 white imps
  2 ufetubi
  3 worms
  4 dart slugs
  29 orcs
  8 bats
  15 endoplasms
  4 giant cockroaches
  9 goblins
  9 hobgoblins
  A jackal (D:3)
  A quokka (D:5)
  7 ball pythons
  6 frilled lizards
  23 kobolds
  12 rats
463 creatures vanquished.

Vanquished Creatures (collateral kills)
  An ugly thing (D:8)
  2 elephants (Lair:1)
  A swamp drake (D:6)
  An ice beast (D:8)
  A howler monkey zombie (D:8)
  An orc (D:9)
7 creatures vanquished.

Vanquished Creatures (others)
  2 dream sheep (Lair:5)
  3 blink frogs (Lair:5)
  A wyvern (Lair:5)
  Duvessa (D:4)
  A bush (Lair:2)
  42 fungi
  125 plants
175 creatures vanquished.

Grand Total: 645 creatures vanquished

Notes
Turn   | Place    | Note
-------+----------+-------------------------------------------
     0 | D:1      | rednaxela the Vampire Ice Elementalist began the quest for
                  | the Orb.
     0 | D:1      | Reached XP level 1. HP: 13/13 MP: 3/3
   212 | D:1      | Reached XP level 2. HP: 19/19 MP: 0/5
   422 | D:1      | Found a faded altar of an unknown god.
   685 | D:1      | Gained mutation: You are afflicted with vampirism and can
                  | become a bat while bloodless. [Vampire growth]
   685 | D:1      | Reached XP level 3. HP: 24/24 MP: 5/7
   839 | D:2      | Learned a level 3 spell: Ozocubu's Armour
   843 | D:2      | Learned a level 3 spell: Frozen Ramparts
  1109 | D:2      | Reached skill level 3 in Spellcasting
  1290 | D:2      | Reached XP level 4. HP: 23/30 MP: 3/8
  1869 | D:3      | Reached skill level 5 in Ice Magic
  1882 | D:3      | Found an ornate altar of the Wu Jian Council.
  2004 | D:3      | Found Geizel Odar's Weapon Boutique.
  2036 | D:3      | Noticed Terence
  2064 | D:3      | Found a stormy altar of Qazlal.
  2272 | D:3      | Found a runed translucent door.
  2273 | D:3      | Noticed Crazy Yiuf
  2283 | D:3      | Killed Crazy Yiuf
  2441 | D:3      | Killed Terence
  2442 | D:3      | Reached XP level 5. HP: 26/35 MP: 3/10
  2703 | D:3      | Noticed Jessica
  2710 | D:3      | Killed Jessica
  2993 | D:3      | Reached skill level 4 in Spellcasting
  3172 | D:4      | Reached XP level 6. HP: 41/41 MP: 4/12
  3262 | D:4      | Noticed Eustachio
  4152 | D:3      | Killed Eustachio
  4153 | D:3      | Reached skill level 6 in Ice Magic
  4471 | D:4      | Reached skill level 5 in Spellcasting
  4471 | D:4      | Reached XP level 7. HP: 45/46 MP: 5/14
  4620 | D:4      | Found Fyguhoim's General Store.
  4625 | D:4      | Bought a potion of invisibility for 104 gold pieces
  4710 | D:4      | Found an iron altar of Okawaru.
  4969 | D:5      | Entered Level 5 of the Dungeon
  5014 | D:5      | Noticed Edmund
  5029 | D:4      | Killed Edmund
  5030 | D:4      | Reached skill level 7 in Ice Magic
  5137 | D:4      | Reached skill level 6 in Spellcasting
  5350 | D:5      | Reached XP level 8. HP: 52/52 MP: 13/17
  5407 | D:5      | Noticed Pikel
  5414 | D:4      | Killed Pikel
  5415 | D:4      | Reached skill level 7 in Spellcasting
  5415 | D:4      | Reached skill level 8 in Ice Magic
  5495 | D:5      | Found a sacrificial altar of Ru.
  5513 | D:5      | Found a staircase to the Ecumenical Temple.
  5587 | Temple   | Entered the Ecumenical Temple
  5896 | Temple   | Became a worshipper of Kikubaaqudgha
  5939 | D:5      | Noticed Duvessa
  5939 | D:5      | Noticed Dowan
  5958 | D:4      | Killed Duvessa
  5961 | D:4      | Killed Dowan
  6234 | D:5      | Reached skill level 9 in Ice Magic
  6678 | D:6      | Noticed Prince Ribbit
  6734 | D:5      | Killed Prince Ribbit
  6735 | D:5      | Reached XP level 9. HP: 37/57 MP: 9/20
  6827 | D:6      | Learned a level 4 spell: Summon Ice Beast
  6893 | D:6      | Reached skill level 8 in Spellcasting
  7098 | D:6      | Found a runed translucent door.
  7100 | D:6      | Found a runed translucent door.
  7185 | D:6      | Found a hazy altar of Hepliaklqana.
  7203 | D:6      | Identified the +6 short sword "Qegerr" {antimagic, rC-
                  | Str+2 Stlth+}
  7467 | D:6      | Found an opulent altar of Gozag.
  7689 | D:6      | Reached * piety under Kikubaaqudgha
  7689 | D:6      | Identified Kikubaaqudgha's Papyrus of Black Rites
                  | (Kikubaaqudgha gifted it to you on level 6 of the Dungeon)
  7689 | D:6      | Received a gift from Kikubaaqudgha
  7954 | D:6      | Reached skill level 10 in Ice Magic
  8060 | D:6      | Learned a level 2 spell: Corpse Rot
  8144 | D:6      | Reached skill level 1 in Necromancy
  8654 | D:7      | Reached skill level 2 in Necromancy
  8765 | D:7      | Reached skill level 9 in Spellcasting
  9090 | D:7      | Found a bloodstained altar of Trog.
  9183 | D:7      | Reached skill level 3 in Necromancy
  9701 | D:8      | Reached skill level 1 in Shields
  9898 | D:8      | Reached ** piety under Kikubaaqudgha
  9949 | D:8      | Noticed Maurice
  9984 | D:8      | Noticed a komodo dragon
  9995 | D:8      | Killed a komodo dragon
  9996 | D:8      | Reached skill level 2 in Shields
  9996 | D:8      | Reached skill level 4 in Necromancy
 10200 | D:8      | Noticed a cyan ugly thing
 10246 | D:8      | Identified a scroll of acquirement
 10247 | D:8      | Acquired 1015 gold pieces
 10269 | D:8      | Reached XP level 10. HP: 55/63 MP: 16/23
 10308 | D:8      | Killed a cyan ugly thing
 11187 | D:8      | Reached skill level 3 in Shields
 11187 | D:8      | Reached skill level 5 in Necromancy
 11686 | D:8      | Killed Maurice
 12233 | D:9      | Identified the ring of Kigroradghuo {Will+ Dex+4 SInv}
 12299 | D:9      | Reached *** piety under Kikubaaqudgha
 12299 | D:9      | Identified Kikubaaqudgha's Handbook of Evil Rituals
                  | (Kikubaaqudgha gifted it to you on level 9 of the Dungeon)
 12299 | D:9      | Received a gift from Kikubaaqudgha
 12538 | D:9      | Learned a level 5 spell: Borgnjor's Vile Clutch
 12543 | D:9      | Learned a level 4 spell: Dispel Undead
 12620 | D:9      | Reached skill level 10 in Spellcasting
 12759 | D:9      | Found a broken altar of Ashenzari.
 12823 | D:9      | Found a staircase to the Lair.
 12840 | D:9      | Found a shimmering altar of Xom.
 12856 | D:9      | Acquired the ring of Entrepreneurial Spirit {rPois rC++
                  | Will+ Int+3}
 12917 | D:10     | Entered Level 10 of the Dungeon
 12969 | D:10     | Reached skill level 4 in Shields
 12969 | D:10     | Reached skill level 6 in Necromancy
 12969 | D:10     | Reached skill level 1 in Earth Magic
 13343 | D:10     | Noticed a gargoyle
 13578 | D:10     | Killed a gargoyle
 13579 | D:10     | Reached skill level 2 in Earth Magic
 13735 | D:10     | Found Itel's General Store.
 13741 | D:10     | Bought a scroll of blinking for 82 gold pieces
 13741 | D:10     | Bought a scroll of identify for 22 gold pieces
 13741 | D:10     | Bought a scroll of identify for 22 gold pieces
 13743 | D:10     | Acquired a +1 kite shield of cold resistance
 13941 | D:10     | Reached skill level 3 in Earth Magic
 14040 | D:10     | Reached skill level 7 in Necromancy
 14586 | D:11     | Noticed a boulder beetle
 14614 | D:10     | Reached XP level 11. HP: 35/68 MP: 18/25
 14710 | D:10     | Reached skill level 4 in Earth Magic
 14819 | D:11     | Found a staircase to the Orcish Mines.
 15062 | D:11     | Reached skill level 5 in Shields
 15433 | D:11     | Noticed a red ugly thing
 15446 | D:11     | Killed a red ugly thing
 15672 | Lair:1   | Entered Level 1 of the Lair of Beasts
 15910 | Lair:1   | Reached skill level 8 in Necromancy
 16049 | Lair:1   | Noticed Sonja
 16061 | Lair:1   | Killed Sonja
 16062 | Lair:1   | Reached skill level 5 in Earth Magic
 16407 | Lair:1   | Reached **** piety under Kikubaaqudgha
 16411 | Lair:1   | Reached skill level 6 in Shields
 16973 | Lair:1   | Found a shimmering altar of Xom.
 16993 | Lair:1   | Reached skill level 6 in Earth Magic
 16994 | Lair:1   | Reached skill level 9 in Necromancy
 17737 | Lair:2   | Reached skill level 7 in Shields
 17750 | Lair:2   | Found a staircase to the Snake Pit.
 18075 | Lair:2   | Reached skill level 7 in Earth Magic
 18170 | Lair:2   | Noticed a five-headed hydra
 18189 | Lair:2   | Killed a five-headed hydra
 18190 | Lair:2   | Reached XP level 12. HP: 64/74 MP: 3/26
 18486 | Lair:2   | Reached skill level 10 in Necromancy
 18972 | Lair:3   | Reached skill level 8 in Shields
 19161 | Lair:3   | Found a staircase to the Shoals.
 19262 | Lair:3   | Reached ***** piety under Kikubaaqudgha
 19336 | Lair:3   | Noticed Urug
 19349 | Lair:3   | Killed Urug
 19538 | Lair:3   | Reached skill level 9 in Shields
 19702 | Lair:3   | Noticed a five-headed hydra
 19713 | Lair:3   | Killed a five-headed hydra
 19947 | Lair:3   | Reached skill level 10 in Shields
 20210 | Lair:3   | Noticed a five-headed hydra
 20231 | Lair:3   | Killed a five-headed hydra
 20338 | Lair:3   | Noticed a death yak
 20339 | Lair:3   | Upgraded the game from 0.27-a0-860-gaf99fae3ca to
                  | 0.27-a0-869-g165b36e3f0
 20355 | Lair:3   | Killed a death yak
 20835 | Lair:3   | Noticed a seven-headed hydra
 20849 | Lair:3   | Killed a seven-headed hydra
 20850 | Lair:3   | Reached skill level 11 in Shields
 21088 | Lair:3   | Noticed a seven-headed hydra
 21097 | Lair:3   | Killed a seven-headed hydra
 21916 | Lair:3   | Reached XP level 13. HP: 79/79 MP: 12/27
 22110 | Lair:4   | Reached skill level 12 in Shields
 23440 | Lair:4   | Reached skill level 13 in Shields
 24985 | Lair:5   | Reached skill level 14 in Shields
 25430 | Lair:5   | Found a staircase to the Slime Pits.
 26691 | Lair:6   | Entered Level 6 of the Lair of Beasts
 27347 | Lair:6   | Reached XP level 14. HP: 83/85 MP: 15/28
 27367 | Lair:5   | Reached skill level 15 in Shields
 27461 | Lair:5   | Reached skill level 1 in Fighting
 27532 | Lair:5   | Reached skill level 3 in Dodging
 27948 | Lair:6   | Reached skill level 2 in Fighting
 28129 | Lair:6   | Reached skill level 4 in Dodging
 28315 | Lair:6   | Slain by a yak

Illustrated notes

Levels and vault maps discovered:
D:1:      dpeg_arrival_tiny_f, layout_basic, basic_ecumenical_altar
D:2:      layout_loops_ring, minmay_pentomino_pile
D:3:      layout_basic, lemuel_coloured_pillars_altar, lemuel_tele_altar,
          serial_shops, nicolae_shop_trees, uniq_terence,
          uniq_crazy_yiuf_cottage, uniq_jessica
D:4:      layout_loops_ring, grunt_temple_overflow_open, serial_shops,
          shop_statue, chequers_big_river, minmay_surrounded, uniq_eustachio
D:5:      layout_rooms, hangedman_ru_absence, minmay_temple_entry_slanted,
          gup_sewer_entry_bubbles, uniq_edmund, uniq_pikel, uniq_duvessa
D:6:      lemuel_insect_pit, layout_loops_ring, lemuel_round_altar,
          kennysheep_mini_moat, hangedman_decor_opposing, uniq_prince_ribbit1
D:7:      layout_basic, nicolae_overflow_hidden_temple
D:8:      layout_loops_ring, grunt_decor_mini_mirrors, minmay_lizard_king,
          uniq_maurice
D:9:      layout_gridville, xom_teletrap_fun, kennysheep_mini, lair_entry_dummy
D:10:     layout_loops_ring, serial_shops, shop
D:11:     layout_cave_pods, david_orc_3, moated_statue
Temple:   hc_temple_tempest_star
Lair:1:   layout_regular_city, basic_altar, chequers_serial_rivers_small_3,
          kennysheep_abandoned_house, uniq_sonja
Lair:2:   layout_loops_ring, minmay_snake_entry_six_corridors, minivault_27,
          wad_woods_06
Lair:3:   nzn_winding_woodlands_medium [nzn_winding_woodlands_5x5_three,
          nzn_winding_woodlands_5x15_eye, nzn_winding_woodlands_5x5_open_star,
          nzn_winding_woodlands_5x5_cross,
          nzn_winding_woodlands_center_pierced_h,
          nzn_winding_woodlands_5x5_perimeter,
          nzn_winding_woodlands_5x5_default, nzn_winding_woodlands_5x15_jagged,
          nzn_winding_woodlands_5x5_closed_star], layout_long_grid,
          elwin_shoals_entry_rocks, serial_bayou, serial_bayou_lagoon_a,
          serial_bayou_ford_a, serial_bayou_crossing, serial_bayou_shore_b,
          serial_bayou_pond_d, uniq_urug
Lair:4:   layout_big_grid
Lair:5:   layout_loops_ring, nicolae_slime_entry_slimehenge, dpeg_oklob_1
Lair:6:   hangedman_lair_in_review, layout_gridlike, gammafunk_ghost_necromancy

Skill      XL: |  1  2  3  4  5  6  7  8  9 10 11 12 13 14 |
---------------+-------------------------------------------+-----
Spellcasting   | 3 4 5 6 7 9 10 | 10.0
Ice Magic      | 5 6 7 9 10 | 10.0
Necromancy     | 4 7 9 10 | 10.0
Shields        | 2 4 7 11 14 15 | 15.0
Earth Magic    | 3 7 |  7.0
Fighting       | 2 |  2.6
Dodging        | 4 |  4.1
Stealth        | |  3.0

Action                   |  1- 3 |  4- 6 |  7- 9 | 10-12 | 13-15 || total
-------------------------+-------+-------+-------+-------+-------++-------
Melee: Club              |     2 |       |       |       |       ||     2
       Bite              |     1 |     2 |    15 |    36 |    10 ||    64
       Short sword       |     1 |     1 |       |       |       ||     2
       Mace              |       |     6 |       |       |       ||     6
       Rapier            |       |     6 |   144 |   192 |    82 ||   424
Throw: Dart              |       |     4 |    14 |     1 |       ||    19
 Cast: Freeze            |    56 |    98 |    70 |    20 |    11 ||   255
       Ozocubu's Armour  |       |    18 |    29 |    53 |     6 ||   106
       Frozen Ramparts   |       |       |    27 |    55 |     3 ||    85
       Summon Ice Beast  |       |       |     7 |    23 |       ||    30
       Corpse Rot        |       |       |     5 |       |       ||     5
       Dispel Undead     |       |       |       |    10 |       ||    10
       Borgnjor's Vile C |       |       |       |    78 |   138 ||   216
Evoke: Wand              |       |       |     1 |     1 |       ||     2
  Use: Scroll            |       |     2 |    11 |    13 |     8 ||    34
       Potion            |       |       |       |     1 |       ||     1
 Stab: Sleeping          |     1 |     2 |     2 |     1 |       ||     6
Armor: Robe              |     5 |    32 |    54 |    83 |    28 ||   202
Dodge: Dodged            |    26 |    72 |   131 |   128 |    61 ||   418
Block: Other             |     3 |    27 |    48 |       |       ||    78
       Reflection        |       |     1 |       |    11 |     2 ||    14
       Buckler           |       |       |    29 |    50 |       ||    79
       Kite shield       |       |       |       |   333 |   284 ||   617

Table legend: (Time is in decaauts)
 A = Elapsed time spent in this place.
 B = Non-inter-level travel time spent in this place.
 C = Inter-level travel time spent in this place.
 D = Time resting spent in this place.
 E = Time spent auto-exploring this place.
 F = Levels seen in this place.
 G = Mean time per level.
                   A        B        C        D        E       F      G
               +--------+--------+--------+--------+--------+-----+--------+
         Total |  28606 |  27470 |   1136 |   5173 |  16833 |  18 | 1589.2 |
       Dungeon |  15497 |  14705 |    792 |   1719 |   9734 |  11 | 1408.8 |
        Temple |    362 |    302 |     60 |      0 |    283 |   1 |  362.0 |
          Lair |  12747 |  12464 |    283 |   3454 |   6816 |   6 | 2124.5 |
               +--------+--------+--------+--------+--------+-----+--------+

Top non-repeatable levels by time:
  Lair:5: 3652 daAuts
  Lair:3: 3197 daAuts
     D:8: 2614 daAuts
  Lair:2: 2406 daAuts
     D:4: 2107 daAuts
  Lair:1: 1844 daAuts
     D:3: 1640 daAuts
     D:6: 1624 daAuts
    D:10: 1439 daAuts
     D:7: 1317 daAuts
     D:5: 1203 daAuts
  Lair:4: 1071 daAuts
    D:11: 1040 daAuts
     D:1: 874 daAuts
     D:2: 874 daAuts
